 Dungeon Crawl Stone Soup version 0.27.0-1-g7a089689b8 (webtiles) character file.

Game seed: 13508387665359185362

1075 Brandom the Sneak (level 8, -7/41 HPs)
             Began as a Spriggan Fire Elementalist on July 31, 2021.
             Was an Initiate of Gozag.
             Mangled by an orc warrior (10 damage)
             ... on level 5 of the Dungeon.
             The game lasted 00:15:11 (7230 turns).

Brandom the Sneak (Spriggan Fire Elementalist)      Turns: 7230, Time: 00:15:11

Health: -7/41      AC:  1    Str:  6    XL:     8   Next: 8%
Magic:  8/13       EV: 19    Int: 17    God:    Gozag
Gold:   422        SH:  6    Dex: 15    Spells: 9/13 levels left

rFire    + . .     SeeInvis +   k - +1 short sword (flame)
rCold    . . .     Faith    .   o - +0 buckler
rNeg     . . .     Spirit   .   a - +0 robe
rPois    .         Reflect  .   (helmet restricted)
rElec    .         Harm     .   (no cloak)
rCorr    .         Rampage  .   (gloves unavailable)
Will     +....                  (boots unavailable)
Stlth    +++.......             (no amulet)
HPRegen  0.13/turn              j - ring of protection from fire
MPRegen  0.13/turn              (no ring)

@: very quick
A: very small, no large weapons, unfitting armour, see invisible, speed 3,
deformed body
a: Renounce Religion, Potion Petition, Call Merchant, Bribe Branch


You were on level 5 of the Dungeon.
You worshipped Gozag.
Gozag was aware of your devotion.
You visited 1 branch of the dungeon, and saw 5 of its levels.

You collected 722 gold pieces.
You spent 300 gold pieces at shops.

Inventory:

Hand Weapons
 d - a +0 short sword
   (You took it off a kobold on level 1 of the Dungeon)
 k - a +1 short sword of flaming (weapon)
   (You took it off a kobold on level 3 of the Dungeon)
Missiles
 f - 44 poisoned darts
 v - 2 throwing nets {!f}
Armour
 a - a +0 robe (worn)
 o - a +0 buckler (worn)
   (You found it on level 4 of the Dungeon)
Jewellery
 j - a ring of protection from fire (left hand)
   (You found it on level 3 of the Dungeon)
Wands
 n - a wand of charming (8)
   (You found it on level 4 of the Dungeon)
 t - a wand of flame (9)
   (You took it off Jessica on level 3 of the Dungeon)
 x - a wand of acid (6)
   (You found it on level 4 of the Dungeon)
Scrolls
 b - a scroll of blinking {unknown}
 e - 2 scrolls of noise {unknown}
 l - a scroll of amnesia {unknown}
 u - 2 scrolls of teleportation {unknown}
Potions
 h - 4 potions of curing {@q1}
 i - 2 potions of might
 m - a potion of brilliance
 p - a potion of lignification {!q}
 q - a potion of resistance
 r - a potion of degeneration {unknown}
 s - a potion of ambrosia {unknown}
 w - 2 potions of attraction {!q}


   Skills:
 + Level 3.6 Fighting
 * Level 4.4 Short Blades
 + Level 5.8 Dodging
 + Level 7.0 Stealth
 + Level 1.5 Shields
 - Level 3.0 Spellcasting
 - Level 0.6 Conjurations
 + Level 3.3 Hexes
 - Level 2.4 Fire Magic


You had 9 spell levels left.
You knew the following spells:

 Your Spells              Type           Power      Damage    Failure   Level
a - Foxfire               Conj/Fire      28%        2x1d5     14%         1
b - Tukima's Dance        Hex            13%        N/A       19%         3

Your spell library contained the following spells:

 Spells                   Type           Power      Damage    Failure   Level
 Inner Flame              Hex/Fire       12%        N/A       24%         3
 Conjure Flame            Conj/Fire      7%         6-21      38%         3
 Sticky Flame             Conj/Fire      7%         2d3       80%         4
 Passage of Golubria      Tloc           N/A        N/A       94%         4
 Fireball                 Conj/Fire      3%         3d4       98%         5
 Yara's Violent Unravell  Hex/Tmut       4%         3d4       98%         5


Dungeon Overview and Level Annotations

Branches:
Dungeon (5/15)
 Temple: D:4-7

Altars:
Fedhas
Gozag
Makhleb
Trog
The Shining One

Shops:
D:3 :

Annotations:
D:5 Pikel


Innate Abilities, Weirdness & Mutations

You are very small and have problems with some larger weapons.
You are too small for most types of armour.
You have supernaturally acute eyesight. (SInv)
You cover ground extremely quickly. (Speed+++)
Armour fits poorly on your strangely shaped body.


Message History

The foxfire hits the lemure.
You conjure some foxfire!
The foxfire hits the lemure.
The foxfire hits the lemure but does no damage.
You conjure some foxfire!
The foxfire hits the lemure. x2
You conjure some foxfire!
The foxfire hits the lemure but does no damage. x2
Pikel scowls and wipes his hands on his robe.
The foxfire hits the lemure.
The foxfire hits the lemure but does no damage.
A lemure comes into view.
You don't have enough magic to cast this spell.
You start resting.
A lemure is nearby!
You start resting.
Pikel is nearby!
The spell is quite dangerous to cast (19% risk of failure)!
Continue anyway?
Aim: Pikel, wielding a +2 whip of freezing and wearing a +0 robe (chance to affect: 50%) Pikel resists with some effort.
You don't have enough magic to cast this spell.
Pikel is nearby!
Unknown command.
You start resting.
Pikel is nearby!
You start resting.
There are monsters nearby!
The lemure shouts!
You hear a shout!
You see here a +0 spear.
The iguana hisses angrily.
You see here a +0 spear.
The lemure shouts!
You hit the iguana but do no damage.
You hear a shout!
The iguana closely misses you.
You completely miss the iguana. You block the iguana's attack.
You hit the iguana but do no damage. The iguana bites you!
You barely miss the iguana. The iguana bites you!
* * * LOW HITPOINT WARNING * * *
Aim: an iguana (chance to affect: 54%)
The iguana is charmed.
The lemure hits your iguana but does no damage.
The lemure closely misses your iguana.
You swap places.
The lemure closely misses you.
You see here a +0 spear.
The lemure hits you!
* * * LOW HITPOINT WARNING * * *
The lemure closely misses your iguana. You block the orc warrior's attack.
The orc warrior hits you with a +0 war axe!
You die...
Your body crumbles into a pile of gold.

..............#..#....######.####
#....(.........#.....K.........
#.#########....#..#.###########
#.# #....#..#.# #.)......
###.#########....#..#.# #.######.
#..).............#..#.# #)# #####
#.#.########.....#..#.# #.# #...#
#.#.########.....#..#.###)###....
................@....l5.......[..
#.#.######.#.....o...............
#.#.# #.#..##.####.###.#.#....
#.#.# #.#....<..##.# #.#......
#.#.######.#.########.###.#....#.
#.#.......>...#≈≈.≈≈#............
#.##########.##≈.≈.≈#.....#.##.#.
#.##########.##≈≈.≈.....###.5....
#.........<#.##≈.≈.≈#...5$.[....K


You could see an orc warrior, a lemure and a friendly iguana (charmed).

Vanquished Creatures
  A necrophage (D:5)
  An ogre (D:5)
  2 phantoms
  4 scorpions
  A howler monkey (D:4)
  A jelly (D:5)
  3 hounds
  2 centaur skeletons
  Jessica (D:3)
  An iguana (D:5)
  An orc wizard (D:4)
  7 gnolls
  7 adders
  A worm (D:3)
  3 dart slugs (D:1)
  6 orcs
  7 endoplasms
  3 giant cockroaches
  11 goblins
  7 hobgoblins
  4 jackals (D:3)
  6 quokkas
  16 ball pythons
  5 bats
  A frilled lizard (D:3)
  9 kobolds
  10 rats
121 creatures vanquished.

Vanquished Creatures (others)
  215 foxfires
215 creatures vanquished.

Grand Total: 336 creatures vanquished

Notes
Turn   | Place    | Note
-------+----------+-------------------------------------------
     0 | D:1      | Brandom the Spriggan Fire Elementalist began the quest for
                  | the Orb.
     0 | D:1      | Reached XP level 1. HP: 9/9 MP: 5/5
    74 | D:1      | Found a faded altar of an unknown god.
   147 | D:1      | Reached XP level 2. HP: 11/14 MP: 1/6
   217 | D:1      | Reached skill level 1 in Fighting
   884 | D:1      | Reached XP level 3. HP: 18/18 MP: 8/8
  1442 | D:1      | Became a worshipper of Gozag Ym Sagoz the Greedy
  1546 | D:2      | Reached skill level 4 in Stealth
  1659 | D:2      | Reached XP level 4. HP: 20/23 MP: 9/9
  2977 | D:3      | Found Boabloemm's Book Shoppe.
  3297 | D:3      | Bought Great Wizards, Vol. VII for 300 gold pieces
  3301 | D:3      | Learned a level 3 spell: Tukima's Dance
  3398 | D:3      | Found a glowing golden altar of the Shining One.
  3398 | D:3      | Found a bloodstained altar of Trog.
  3406 | D:3      | Found a burning altar of Makhleb.
  3408 | D:3      | Found a blossoming altar of Fedhas.
  3410 | D:3      | Found a faded altar of an unknown god.
  3665 | D:3      | Reached XP level 5. HP: 22/27 MP: 10/10
  3944 | D:3      | Noticed Jessica
  3955 | D:3      | Killed Jessica
  3956 | D:3      | Reached skill level 5 in Stealth
  4492 | D:4      | Reached skill level 1 in Short Blades
  4492 | D:4      | Reached skill level 1 in Hexes
  4608 | D:4      | Reached XP level 6. HP: 16/32 MP: 8/11
  5612 | D:4      | Reached skill level 5 in Dodging
  5612 | D:4      | Reached skill level 6 in Stealth
  5824 | D:4      | Reached XP level 7. HP: 36/36 MP: 12/12
  5970 | D:5      | Entered Level 5 of the Dungeon
  6052 | D:5      | Reached skill level 1 in Shields
  6708 | D:5      | Reached XP level 8. HP: 12/40 MP: 0/13
  6928 | D:5      | Gained mutation: Armour fits poorly on your strangely
                  | shaped body. [potion of mutation]
  6953 | D:5      | Reached skill level 7 in Stealth
  7102 | D:5      | Noticed Pikel
  7222 | D:5      | HP: 2/41 [lemure[Pikel] (9)]
  7230 | D:5      | Mangled by an orc warrior

Illustrated notes

Levels and vault maps discovered:
D:1:      minmay_arrival_four_houses, layout_loops_ring,
          dreamdust_ecumenical_altar_grove, minmay_box_of_dots
D:2:      layout_loops_ring
D:3:      layout_loops_corners, chequers_temple_overflow_minitemple,
          serial_shops, nicolae_shop_stone, serial_co_window_serial,
          co_window_of_opportunity_a, co_window_paths_a,
          co_window_of_opportunity_a, co_window_corner_a, co_window_paths_b,
          co_window_cross_1, co_window_paths_a, co_window_paths_c,
          co_window_2corner, co_window_corner_b, co_window_sun, glass_columns_a,
          glass_columns_b, glass_columns_b, glass_columns_b,
          kennysheep_jessica_study
D:4:      layout_loops_ring, dk_vineyard_1
D:5:      layout_basic, mainiacjoe_overflow_big_doors, serial_shops, shop,
          small_statue_intersection, kennysheep_generic_room_13, uniq_pikel

Skill      XL: |  1  2  3  4  5  6  7  8 |
---------------+-------------------------+-----
Dodging        | 3 4 5 |  5.8
Fighting       | 1 2 3 |  3.6
Stealth        | 4 5 6 7 |  7.0
Short Blades   | 1 2 4 |  4.4
Spellcasting   | 3 |  3.0
Hexes          | 1 2 3 |  3.3
Shields        | 1 |  1.5
Conjurations   | |  0.6
Fire Magic     | |  2.4

Action                   |  1- 3 |  4- 6 |  7- 9 || total
-------------------------+-------+-------+-------++-------
Melee: Unarmed           |    10 |       |       ||    10
       Short sword       |    59 |   169 |    42 ||   270
 Cast: Foxfire           |    34 |    52 |    57 ||   143
       Tukima's Dance    |       |       |     1 ||     1
Evoke: Wand              |       |       |     5 ||     5
  Use: Scroll            |       |       |     7 ||     7
       Potion            |       |       |     1 ||     1
 Stab: Sleeping          |    11 |    13 |     6 ||    30
       Distracted        |       |     1 |       ||     1
Armor: Robe              |    11 |    15 |     1 ||    27
Dodge: Dodged            |    75 |   196 |    33 ||   304
Block: Buckler           |       |     8 |    13 ||    21
